Map: Eternal Empire LE

Players

INnoVation - Winner!

  • Race: Terran Terran
  • Spawn Location: 1:00

ShoWTimE

  • Race: Protoss Protoss
  • Spawn Location: 7:00

Event: IEM Katowice 2020

VOD

Have the link to the VOD?

Description

Time

  • Played on: Feb. 29, 2020, 5:29 a.m.
  • Length: 16:21

All games in this series

Show
View Real Time Build Order
Export as new Build Order

INnoVation Terran - Winner!

Build Orders: Banshee Rush 

Get SALT Encoding   

  12  0:00  SCV  
  13  0:12  SCV  
  14  0:16  Supply Depot  
  14  0:24  SCV  
  15  0:38  SCV  
  15  0:39  Barracks  
  16  0:43  Refinery  
  16  0:50  SCV  
  17  1:02  SCV  
  18  1:14  SCV  
  19  1:26  Orbital Command, Marine  
  20  1:43  Command Center  
  20  1:51  Factory  
  20  1:54  SCV  
  21  2:02  Barracks Reactor  
  21  2:06  SCV  
  22  2:11  Supply Depot, Refinery  
  22  2:18  SCV  
  23  2:32  SCV  
  24  2:37  Starport  
  24  2:42  Hellion x2  
  28  2:44  SCV, Barracks Tech Lab  
  29  2:54  Orbital Command  
  29  2:57  SCV  
  30  3:09  SCV  
  30  3:11  Marine x2  
  33  3:19  Cloaking Field, Banshee  
  33  3:21  SCV x2  
  33  3:26  Supply Depot  
  38  3:27  Factory Tech Lab  
  38  3:30  Marine  
  38  3:31  Marine  
  40  3:36  SCV x2  
  42  3:51  Marine x2  
  42  3:52  SCV x2  
  48  3:56  Supply Depot  
  48  3:58  Supply Depot  
  48  4:04  SCV x2  
  48  4:09  Marine x2  
  52  4:13  Cyclone  
  52  4:15  Viking  
  54  4:18  SCV x2  
  56  4:29  Marine x2  
  56  4:30  SCV x2  
  60  4:36  Supply Depot  
  60  4:42  Command Center  
  60  4:43  SCV x2  
  62  4:48  Raven  
  64  4:55  SCV x2  
  64  4:56  Barracks  
  64  4:57  Stimpack, Marine  
  67  5:00  Barracks  
  67  5:03  Refinery  
  67  5:07  Refinery  
  67  5:10  SCV x2  
  69  5:15  Marine  
  69  5:17  Engineering Bay  
  69  5:18  Engineering Bay  
  69  5:21  Supply Depot  
  70  5:22  SCV x2  
  70  5:23  Factory Reactor  
  72  5:33  Marine  
  72  5:34  SCV x2  
  75  5:44  Starport Reactor, Terran Infantry Weapons Level 1, Terran Infantry Armor Level 1  
  75  5:46  SCV, Missile Turret  
  75  5:47  SCV  
  75  5:49  Missile Turret  
  77  5:50  Marine  
  77  5:53  Marine x2  
  80  5:57  Orbital Command  
  80  6:01  Barracks  
  80  6:04  Widow Mine x2, Barracks  
  80  6:10  Combat Shield  
  80  6:11  Supply Depot  
  82  6:17  Marauder x2  
  86  6:21  Marine x2  
  86  6:24  SCV x2  
  90  6:26  Medivac x2  
  90  6:30  Orbital Command  
  94  6:33  Widow Mine x2  
  94  6:34  Supply Depot  
  94  6:36  SCV x2  
  100  6:43  Concussive Shells, Marine  
  100  6:44  Marauder x2  
  105  6:48  SCV x2  
  105  6:52  Barracks Reactor, Supply Depot, Barracks Tech Lab  
  107  6:57  SCV  
  107  7:00  SCV x2  
  110  7:04  Widow Mine x2  
  114  7:10  SCV, Missile Turret  
  114  7:12  SCV x2, Supply Depot  
  114  7:13  Armory  
  117  7:17  Medivac  
  117  7:18  Medivac  
  117  7:20  Refinery  
  117  7:22  Refinery  
  121  7:24  SCV x3  
  124  7:30  Supply Depot  
  124  7:36  SCV x2, Supply Depot  
  124  7:37  SCV  
  129  7:44  Marauder x3  
  132  7:46  Marine  
  133  7:51  Marine x2  
  133  7:54  SCV x3  
  133  7:58  Supply Depot x2  
  138  8:02  Terran Infantry Armor Level 2, Terran Infantry Weapons Level 2  
  138  8:03  Terran Ship Weapons Level 1  
  138  8:04  Medivac  
  140  8:09  Ghost Academy  
  140  8:13  Medivac  
  140  8:18  Marauder  
  140  8:19  Marauder  
  146  8:21  Supply Depot, Marauder  
  146  8:22  Supply Depot  
  148  8:30  Command Center  
  148  8:37  Viking  
  147  8:42  Viking  
  147  8:48  Barracks x3  
  154  9:03  Marine x3  
  154  9:04  Marine  
  158  9:11  Viking  
  158  9:12  Enhanced Shockwaves, Viking  
  162  9:19  Missile Turret  
  162  9:21  Unknown x2, Marauder x2, Marine x4  
  162  9:23  Unknown, Marauder  
  172  9:24  Factory Reactor  
  172  9:29  Starport  
  171  9:37  Barracks Tech Lab x2  
  171  9:39  Marine  
  171  9:40  Marine x3  
  171  9:41  Marine x2  
  171  9:42  Marauder x2  
  171  9:45  Planetary Fortress, Marauder  
  183  9:47  Unknown, Medivac  
  183  9:52  Medivac  
  187  9:53  Missile Turret  
  185  10:03  Marauder x2, Marine  
  185  10:04  Marauder x2, Marine x2  
  196  10:08  Terran Ship Weapons Level 2  
  196  10:10  Marine  
  194  10:14  Marauder  
  196  10:24  Terran Infantry Weapons Level 3  
  196  10:41  Terran Infantry Armor Level 3  
  191  10:45  Marauder x2, Fusion Core  
  195  10:52  Command Center, Marine  
  196  11:05  Marine x2  
  196  11:08  Missile Turret  
  196  11:17  Marauder  
  195  11:19  Marauder  
  195  11:21  Marauder  
  195  11:22  Marauder  
  195  11:24  Marauder  
  195  11:25  Marine x4  
  192  11:26  Liberator  
  195  11:36  Liberator  
  195  11:37  Liberator x2  
  195  11:39  Marauder  
  191  11:40  Marauder  
  191  11:45  Marauder, Marine x2  
  189  11:47  Marine  
  189  11:48  Marine  
  189  11:51  Advanced Ballistics  
  189  12:00  Marauder  
  190  12:02  Marauder  
  190  12:04  Missile Turret  
  190  12:07  Marauder  
  194  12:10  Planetary Fortress  
  194  12:11  Unknown, Marauder  
  194  12:12  Unknown, Marauder  
  198  12:21  Marauder  
  200  12:27  Terran Ship Weapons Level 3, Personal Cloaking  
  193  12:51  Command Center  
  193  12:52  Liberator x2  
  199  13:01  Neosteel Armor  
  190  13:07  Liberator x2  
  190  13:09  Marine  
  190  13:10  Marine x3  
  193  13:15  SCV  
  193  13:16  SCV  
  193  13:18  Hi-Sec Auto Tracking  
  195  13:30  Marauder x2, Marine  
  200  13:37  Unknown  
  200  13:38  Liberator  
  198  13:42  Liberator  
  199  14:00  Missile Turret  
  199  14:02  Missile Turret  
  186  14:12  Marauder x3  
  186  14:14  Marine x3  
  185  14:23  SCV  
  185  14:24  SCV x2  
  169  14:26  Liberator x2  
  169  14:27  Command Center, Liberator x2  
  173  14:35  SCV  
  173  14:36  Command Center  
  166  14:41  Unknown  
  160  14:49  SCV  
  160  14:50  Marauder x2, Marine x5  
  150  15:02  SCV x3  
  151  15:14  SCV x2  
  153  15:15  Medivac x2, Liberator x2  
  153  15:17  SCV  
  153  15:18  Unknown x3  
  164  15:26  SCV  
  163  15:35  Marauder  
  166  15:46  SCV x3  
  169  15:58  Missile Turret  
  169  16:02  Unknown x2  
  169  16:03  Unknown  
Show
View Real Time Build Order
Export as new Build Order

ShoWTimE Protoss 

Build Orders: 1 Gate Expand, Oracle Opening 

Get SALT Encoding   

  12  0:00  Probe  
  13  0:12  Probe  
  14  0:17  Pylon  
  14  0:25  Probe (Chrono Boost)  
  15  0:37  Probe (Chrono Boost), Gateway  
  16  0:44  Probe (Chrono Boost)  
  16  0:46  Assimilator  
  17  0:51  Probe  
  18  1:03  Probe  
  19  1:15  Probe  
  20  1:23  Nexus  
  20  1:32  Cybernetics Core  
  20  1:36  Probe  
  21  1:42  Assimilator  
  20  1:48  Probe  
  20  1:51  Pylon  
  21  2:00  Probe  
  22  2:06  Adept (Chrono Boost)  
  22  2:12  Probe  
  25  2:17  Stargate  
  25  2:24  Probe (Chrono Boost)  
  25  2:26  Adept (Chrono Boost)  
  28  2:31  Warp Gate  
  28  2:35  Probe (Chrono Boost)  
  30  2:42  Probe (Chrono Boost)  
  31  2:44  Probe (Chrono Boost)  
  31  2:49  Probe x2 (Chrono Boost)  
  33  2:52  Adept  
  35  3:00  Probe  
  35  3:01  Probe, Oracle (Chrono Boost)  
  40  3:09  Pylon  
  40  3:12  Probe  
  40  3:13  Probe  
  42  3:23  Adept  
  42  3:25  Probe x2  
  46  3:35  Oracle (Chrono Boost)  
  46  3:37  Probe x2  
  51  3:41  Pylon  
  51  3:49  Probe x2  
  51  3:54  Gateway  
  53  3:57  Gateway  
  53  4:01  Probe x2  
  55  4:03  Phoenix (Chrono Boost)  
  55  4:06  Pylon  
  56  4:18  Probe x2  
  58  4:26  Shield Battery  
  58  4:28  Nexus  
  58  4:30  Probe x2  
  60  4:32  Phoenix (Chrono Boost)  
  60  4:36  Shield Battery  
  62  4:42  Probe x2, Assimilator  
  64  4:46  Assimilator  
  64  4:49  Pylon  
  64  4:52  Phoenix  
  64  4:56  Adept  
  68  5:00  Robotics Facility  
  68  5:03  Probe  
  68  5:04  Probe  
  70  5:08  Pylon  
  70  5:17  Phoenix  
  70  5:18  Adept x2  
  76  5:22  Adept  
  76  5:26  Probe x2  
  80  5:29  Forge  
  80  5:40  Probe (Chrono Boost)  
  82  5:44  Probe x2 (Chrono Boost)  
  82  5:49  Probe (Chrono Boost), Observer  
  84  5:50  Robotics Bay  
  84  5:52  Probe x2 (Chrono Boost)  
  84  5:54  Probe (Chrono Boost), Pylon  
  87  5:59  Protoss Ground Weapons Level 1 (Chrono Boost)  
  87  6:02  Shield Battery  
  87  6:03  Probe x2  
  89  6:06  Probe  
  89  6:07  Sentry  
  89  6:10  Observer  
  93  6:15  Probe x2  
  93  6:16  Pylon  
  93  6:18  Probe, Assimilator  
  96  6:21  Assimilator  
  96  6:27  Probe x2  
  96  6:30  Twilight Council, Gateway  
  100  6:33  Gateway  
  100  6:38  Disruptor (Chrono Boost)  
  100  6:39  Probe  
  100  6:40  Shield Battery, Photon Cannon  
  100  6:43  Sentry, Zealot  
  100  6:44  Zealot  
  106  6:49  Probe, Gateway  
  107  7:00  Colossus (Chrono Boost), Robotics Facility  
  107  7:01  Pylon  
  107  7:04  Pylon  
  107  7:07  Charge, Forge  
  107  7:15  Stalker  
  115  7:20  Extended Thermal Lance (Chrono Boost)  
  115  7:21  Photon Cannon  
  115  7:22  Pylon  
  115  7:28  Sentry  
  115  7:29  Zealot x2  
  121  7:43  Zealot x3  
  127  7:48  Colossus (Chrono Boost)  
  125  7:55  Pylon  
  125  7:57  Photon Cannon  
  125  7:58  Protoss Ground Armor Level 1 (Chrono Boost)  
  131  7:59  Protoss Ground Weapons Level 2 (Chrono Boost)  
  131  8:01  Stalker x2  
  131  8:02  Stalker  
  137  8:12  Pylon  
  137  8:13  Pylon  
  137  8:14  Colossus (Chrono Boost)  
  143  8:22  Zealot x3  
  149  8:29  Pylon  
  152  8:36  Stalker x2  
  152  8:37  Disruptor (Chrono Boost)  
  156  8:42  Pylon  
  156  8:46  Zealot x4  
  156  8:48  Blink  
  164  8:55  Disruptor  
  164  9:02  Pylon  
  165  9:08  Nexus  
  165  9:09  Disruptor  
  165  9:18  Probe x2  
  165  9:19  Probe, Pylon  
  165  9:21  Dark Shrine  
  168  9:27  Stalker x2  
  172  9:31  Stalker  
  172  9:34  Disruptor  
  175  9:42  Stalker x2  
  179  9:48  Disruptor  
  179  9:49  Gateway  
  179  9:52  Protoss Ground Armor Level 2 (Chrono Boost), Gateway  
  182  9:54  Probe  
  182  9:55  Probe  
  180  10:05  Stalker x2  
  180  10:21  Stalker x2  
  180  10:22  Zealot x2  
  180  10:27  Disruptor  
  187  10:32  Pylon  
  187  10:35  Protoss Ground Weapons Level 3 (Chrono Boost)  
  183  10:48  Shadow Stride (Chrono Boost)  
  183  10:49  Pylon  
  183  10:53  Zealot x8  
  197  11:07  Gateway  
  193  11:14  Zealot x3  
  184  11:21  Disruptor (Chrono Boost)  
  184  11:24  Zealot  
  184  11:25  Zealot x4  
  164  11:36  Zealot x3  
  164  11:45  Zealot x3  
  164  11:46  Zealot x2  
  174  11:49  Probe x2  
  174  11:52  Warp Prism (Chrono Boost)  
  174  12:01  Nexus  
  176  12:02  Protoss Ground Armor Level 3 (Chrono Boost)  
  176  12:03  Pylon  
  176  12:04  Zealot x3  
  182  12:08  Photon Cannon  
  182  12:10  Templar Archives  
  182  12:11  Sentry x3  
  182  12:12  Zealot  
  190  12:21  Dark Templar  
  188  12:38  Zealot x6  
  196  12:48  Zealot  
  196  12:56  Zealot  
  194  13:00  Zealot x5  
  194  13:01  Zealot  
  188  13:09  Probe  
  165  13:17  Dark Templar x2  
  167  13:21  Gateway  
  167  13:23  Dark Templar x7  
  167  13:24  Gateway  
  181  13:29  Photon Cannon  
  181  13:30  Unknown  
  181  13:31  Protoss Shields Level 1 (Chrono Boost)  
  179  13:56  Zealot x2, Dark Templar  
  179  13:57  Zealot x2  
  179  14:01  Stalker x4  
  168  14:17  Stalker  
  168  14:18  Stalker x2  
  168  14:19  Zealot  
  164  14:28  Stalker x4  
  169  14:38  Dark Templar  
  165  14:40  Probe  
  165  14:41  Pylon  
  148  14:49  Stalker  
  145  14:57  Nexus  
  135  15:00  Zealot x4  
  141  15:08  Archon x3  
  141  15:12  Stalker  
  141  15:13  Probe  
  144  15:19  Sentry  
  144  15:21  Sentry x2  
  148  15:30  Stalker  
  140  15:48  Stalker x2  

Tags
 
Add a new tag
Caveats
  • Supply blocks, unpowered buildings, or Contaminate may cause inaccurate times.
  • Supply counts are checked every 10 seconds.